 Dungeon Crawl Stone Soup version 0.20.1-1-g8b1a95d66d (webtiles) character file.

6720 Pixllover the Cleaver (level 10, -6/90 HPs)
             Began as a Minotaur Berserker on Jan 13, 2018.
             Was a High Priest of Trog.
             Mangled by a two-headed ogre
             ... wielding a +0 giant spiked club
              (25 damage)
             ... on level 9 of the Dungeon.
             The game lasted 00:28:17 (6720 turns).

Pixllover the Cleaver (Minotaur Berserker)          Turns: 6720, Time: 00:28:21

Health: -6/90      AC: 17    Str: 28 (31) XL:     10   Next: 74%
Magic:  18/18      EV:  9    Int:  1 (2)  God:    Trog [*****.]
Gold:   525        SH:  0    Dex:  8 (10) Spells: 9/9 levels left

rFire    + . .     SeeInvis .   F - +6 battleaxe
rCold    . . .     Gourm    .   (shield currently unavailable)
rNeg     . . .     Faith    .   G - +0 plate armour
rPois    +         Spirit   .   (helmet unavailable)
rElec    .         Reflect  .   v - +2 cloak
rCorr    .         Harm     .   (no gloves)
MR       .....                  (no boots)
Stlth    ..........             w - amulet of regeneration
Regen    0.7/turn               B - +6 ring of strength
MPRegen  0.2/turn               E - ring "Waeph" {rPois rF+ MP+9}

@: berserk cooldown, slowed, very slow
A: retaliatory headbutt, horns 3, dopey 1, poison resistance
a: Berserk, Trog's Hand, Brothers in Arms, Burn Spellbooks, Renounce Religion


You were on level 9 of the Dungeon.
You worshipped Trog.
Trog was extremely pleased with you.
You were very hungry.

You visited 1 branch of the dungeon, and saw 9 of its levels.

You collected 525 gold pieces.

Inventory:

Hand Weapons
 r - a +2 antimagic dire flail
 F - a +6 battleaxe (weapon)
Missiles
 C - 3 tomahawks (quivered)
Armour
 v - a +2 cloak (worn)
 D - a +1 hat
 G - a +0 plate armour (worn)
Jewellery
 b - an uncursed amulet of guardian spirit
 s - an uncursed ring of protection from cold {unknown}
 w - an amulet of regeneration (around neck)
 z - an uncursed ring of stealth
 B - a +6 ring of strength (left hand)
 E - the ring "Waeph" (right hand) {rPois rF+ MP+9}
   (You found it on level 6 of the Dungeon)

   [ring of poison resistance]

   It protects you from fire.
   It protects you from poison.
   It affects your magic capacity (+9).
 H - a +3 ring of evasion {unknown}
Wands
 a - a wand of polymorph (12/24)
 k - a wand of random effects (48/48)
 o - a wand of disintegration (10/24)
 y - a wand of confusion (9/48)
Scrolls
 e - 4 scrolls of fog
 h - 2 scrolls of remove curse
 j - 5 scrolls of teleportation
 q - 2 scrolls of recharging
Potions
 c - a potion of experience {unknown}
 d - 2 potions of degeneration
 f - 2 potions of agility
 i - a potion of berserk rage
 m - a potion of lignification {unknown}
 t - a potion of heal wounds {unknown}
 u - a potion of haste
 x - 2 potions of curing
Comestibles
 g - a royal jelly
 l - 17 chunks of flesh
 n - 5 meat rations
 p - 4 bread rations
 A - 3 fruits


   Skills:
 + Level 8.6 Fighting
 + Level 10.1(10.9) Axes
 + Level 6.6(10.8) Maces & Flails
   Level 9.1(10.0) Staves
 + Level 1.9 Throwing
 + Level 9.0 Armour
 + Level 4.4 Dodging
 + Level 2.1 Stealth
 + Level 0.1 Evocations


You had 9 spell levels left.
You didn't know any spells.

Dungeon Overview and Level Annotations

Branches:
Dungeon (9/15)             Temple (0/1) D:6
   Lair: D:8-11         Orc: D:9-12

Altars:
Ashenzari
Fedhas
Hepliaklqana
Nemelex Xobeh
Ru
Vehumet

Shops:
D:8 }


Innate Abilities, Weirdness & Mutations

You reflexively headbutt those who attack you in melee.
You have a pair of large horns on your head.
You are dopey. (Int -2)
Your system is resistant to poisons. (rPois)


Message History

The two-headed ogre is almost dead.
You barely miss the basilisk. You completely miss the wolf.
The wolf barely misses you. You furiously retaliate!
You headbutt the wolf!
You kill the wolf!
Trog accepts your kill.
Your Armour skill increases to level 9!
The two-headed ogre hits you with a giant spiked club.
The two-headed ogre hits you but does no damage.
The basilisk bites you. The basilisk barely misses you.
You furiously retaliate!
You headbutt the basilisk, but do no damage.
The two-headed ogre hits you with a giant spiked club!!
The two-headed ogre barely misses you.
It was a potion of degeneration.
There was something very wrong with that liquid.
You feel weakened.
You feel dopey.
You feel clumsy. The basilisk bites you!
* * * LOW HITPOINT WARNING * * *
The two-headed ogre hits you with a giant spiked club!!
You die...

###### #.#.....#####
......##.#.÷.......# ..
#.##......÷........
#...##..####.....#####..
.)......................
#... ##.........#####..#
.....#.......##.# #
#.....O#..##.##.# #
#...#†@)†##.##.# #
#....l.......... #
#..#...#######...
#...... .... . ...<##.
#.. .... #. P.. .. .. ##


You could see a two-headed ogre and a basilisk.

Vanquished Creatures
  Pikel (D:4)
  Psyche (D:8)
  Prince Ribbit (D:8)
  A hippogriff (D:7)
  4 yaks (D:9)
  2 wyverns
  Eustachio (D:6)
  A basilisk (D:9)
  A hungry ghost (D:8)
  Menkaure (D:6)
  Edmund (D:4)
  A porcupine (D:9)
  An ice beast (D:5)
  4 ogres
  4 orc warriors
  2 phantoms
  5 black bears
  A wolf (D:9)
  3 centaurs
  A big kobold (D:9)
  4 bullfrogs
  A water moccasin skeleton (D:4)
  4 scorpions
  A howler monkey (D:6)
  4 crimson imps
  2 jellies
  A centaur zombie (D:6)
  8 hounds
  2 quasits (D:8)
  A bullfrog zombie (D:9)
  4 orc priests
  Crazy Yiuf (D:3)
  A gnoll shaman (D:7)
  2 bullfrog skeletons (D:7)
  Terence (D:2)
  6 iguanas
  Natasha (D:2)
  6 orc wizards
  5 worker ants
  A hound zombie (D:6)
  A howler monkey zombie (D:8)
  11 adders
  8 gnolls (D:7)
  6 shadow imps
  2 oozes
  An adder zombie (D:7)
  An adder skeleton (D:4)
  A worm (D:2)
  3 dart slugs (D:1)
  6 leopard geckos
  21 orcs
  3 giant cockroaches
  5 goblins
  5 hobgoblins
  22 jackals
  A quokka (D:8)
  6 bats
  5 frilled lizards
  A jackal skeleton (D:5)
  10 kobolds
  A quokka skeleton (D:5)
  10 rats
223 creatures vanquished.

Vanquished Creatures (others)
  A slave (D:4)
  An orc wizard (D:8)
  3 worker ants (D:4)
  A ball python (D:4)
  A fungus (D:9)
  2 plants (D:9)
9 creatures vanquished.

Grand Total: 232 creatures vanquished

Notes
Turn   | Place    | Note
-------+----------+-------------------------------------------
     0 | D:1      | Pixllover the Minotaur Berserker began the quest for the Orb.
     0 | D:1      | Reached XP level 1. HP: 19/19 MP: 0/0
   170 | D:1      | Reached XP level 2. HP: 19/27 MP: 1/1
   698 | D:1      | Reached XP level 3. HP: 26/33 MP: 2/2
   813 | D:2      | Noticed Terence
   818 | D:2      | Reached ** piety under Trog
   820 | D:2      | Killed Terence
   983 | D:2      | Reached XP level 4. HP: 27/41 MP: 3/3
  1072 | D:2      | Reached skill level 5 in Maces & Flails
  1142 | D:2      | Noticed Natasha
  1150 | D:2      | Killed Natasha
  1150 | D:2      | Reached skill level 5 in Fighting
  1212 | D:2      | Reached XP level 5. HP: 43/48 MP: 4/4
  1830 | D:3      | Found a runed door.
  1834 | D:3      | Noticed Crazy Yiuf
  1840 | D:3      | Killed Crazy Yiuf
  2347 | D:4      | Reached skill level 1 in Axes
  2378 | D:4      | Found a hazy altar of Hepliaklqana.
  2422 | D:4      | Reached XP level 6. HP: 54/56 MP: 5/5
  2502 | D:4      | Reached skill level 2 in Axes
  2502 | D:4      | Reached skill level 1 in Staves
  2514 | D:4      | Noticed Edmund
  2520 | D:4      | Killed Edmund
  2520 | D:4      | Reached skill level 1 in Stealth
  2600 | D:4      | Noticed a slave
  2601 | D:4      | Noticed Pikel
  2601 | D:4      | Noticed a slave
  2602 | D:4      | Noticed a slave
  2602 | D:4      | Noticed a slave
  2611 | D:4      | HP: 4/85 [slave[Pikel] (6)]
  2613 | D:4      | Killed Pikel
  2613 | D:4      | Reached skill level 5 in Armour
  2613 | D:4      | Reached XP level 7. HP: 5/63 MP: 6/6
  3020 | D:4      | Reached XP level 8. HP: 70/70 MP: 7/7
  3223 | D:4      | Reached *** piety under Trog
  3299 | D:5      | Entered Level 5 of the Dungeon
  3322 | D:5      | Reached skill level 5 in Staves
  4058 | D:5      | Reached skill level 1 in Throwing
  4141 | D:6      | Noticed Eustachio
  4157 | D:6      | Killed Eustachio
  4157 | D:6      | Reached **** piety under Trog
  4162 | D:6      | Reached XP level 9. HP: 63/78 MP: 8/8
  4171 | D:6      | Noticed Menkaure
  4182 | D:6      | Killed Menkaure
  4197 | D:6      | Gained mutation: You occasionally shout uncontrollably at your foes. [potion of mutation]
  4197 | D:6      | Lost mutation: You occasionally shout uncontrollably at your foes. [potion of mutation]
  4197 | D:6      | Gained mutation: You are agile. (Dex +2) [potion of mutation]
  4197 | D:6      | Gained mutation: You are partially covered in yellow scales. (AC +2) [potion of mutation]
  4531 | D:6      | Found a staircase to the Ecumenical Temple.
  4724 | D:6      | Got a transparent lapis lazuli ring
  4731 | D:6      | Found a sparkling altar of Nemelex Xobeh.
  4781 | D:6      | Identified the ring "Waeph" {rPois rF+ MP+9} (You found it on level 6 of the Dungeon)
  4986 | D:7      | Reached skill level 3 in Axes
  5425 | D:7      | Reached skill level 4 in Axes
  5512 | D:7      | Found a radiant altar of Vehumet.
  5512 | D:7      | Found a blossoming altar of Fedhas.
  5942 | D:8      | Reached skill level 5 in Axes
  5969 | D:8      | Found a sacrificial altar of Ru.
  5991 | D:8      | Reached ***** piety under Trog
  5991 | D:8      | Reached skill level 6 in Axes
  6048 | D:8      | Reached XP level 10. HP: 74/88 MP: 9/9
  6058 | D:8      | Found a shattered altar of Ashenzari.
  6136 | D:8      | Noticed Prince Ribbit
  6147 | D:8      | Killed Prince Ribbit
  6147 | D:8      | Reached skill level 7 in Axes
  6267 | D:8      | Lost mutation: You are agile. (Dex +2) [potion of mutation]
  6267 | D:8      | Lost mutation: You are partially covered in yellow scales. (AC +2) [potion of mutation]
  6267 | D:8      | Gained mutation: You are dopey. (Int -2) [potion of mutation]
  6267 | D:8      | Gained mutation: Your system is resistant to poisons. (rPois) [potion of mutation]
  6267 | D:8      | Gained mutation: You have a pair of large horns on your head. [potion of mutation]
  6469 | D:8      | Found Upniecikog's Gadget Boutique.
  6499 | D:8      | Noticed Psyche
  6501 | D:8      | Reached skill level 8 in Axes
  6504 | D:8      | Killed Psyche
  6567 | D:9      | Reached skill level 9 in Axes
  6661 | D:9      | Received a gift from Trog
  6706 | D:9      | Noticed a two-headed ogre
  6710 | D:9      | Reached skill level 10 in Axes
  6720 | D:9      | Mangled by a two-headed ogre

Skill      XL: |  1  2  3  4  5  6  7  8  9 10 |
---------------+-------------------------------+-----
Maces & Flails | 4 5 6 |  6.6
Fighting       | 4 5 6 7 8 |  8.6
Axes           | 1 2 6 10 | 10.1
Armour         | 3 5 6 8 9 |  9.0
Staves         | 4 7 9 |  9.1
Dodging        | 3 4 |  4.4
Stealth        | 1 2 |  2.1
Throwing       | 1 |  1.9
Evocations     | |  0.1

Action                   |  1- 3 |  4- 6 |  7- 9 | 10-12 || total
-------------------------+-------+-------+-------+-------++-------
Melee: Mace              |    47 |       |       |       ||    47
       Headbutt          |     6 |    12 |    38 |    16 ||    72
       Hand axe          |    11 |    21 |       |       ||    32
       Great mace        |       |    27 |       |       ||    27
       Quarterstaff      |       |    45 |   124 |       ||   169
       Battleaxe         |       |       |    77 |    80 ||   157
Throw: Tomahawk          |       |       |     6 |     5 ||    11
Invok: Berserk           |       |     2 |     2 |     1 ||     5
       Burn Spellbooks   |       |       |     2 |     2 ||     4
Evoke: Wand              |       |       |     1 |       ||     1
  Use: Scroll            |     1 |     3 |    15 |       ||    19
       Potion            |       |     1 |     3 |     2 ||     6
 Stab: Paralysed         |       |     2 |       |       ||     2
       Confused          |       |       |     1 |       ||     1
  Eat: Bread ration      |       |     1 |     1 |       ||     2
       Chunk             |       |     2 |     2 |     4 ||     8
       Meat ration       |       |       |     1 |       ||     1
       Royal jelly       |       |       |     1 |       ||     1
       Fruit             |       |       |     1 |       ||     1
Armor: Animal skin       |    26 |       |       |       ||    26
       Ring mail         |       |    13 |       |       ||    13
       Chain mail        |       |    37 |   161 |    39 ||   237
       Plate armour      |       |       |       |    27 ||    27
Dodge: Dodged            |    66 |    59 |   164 |    64 ||   353
